 Seeded DCSS version 0.30.0-29-ga12c61a403 (webtiles) character file.

Game seed: 18007716519941398942 (custom seed)

256 Dadbod the Shield-Bearer (level 6, 48/48 HPs)
             Began as a Formicid Fighter on June 5, 2023.
             Quit the game on level 4 of the Dungeon.
             The game lasted 00:09:56 (2919 turns).

Dadbod the Shield-Bearer (Formicid Fighter)         Turns: 2919, Time: 00:09:56

Health: 48/48      AC: 13    Str: 22    XL:     6   Next: 39%
Magic:  15/15      EV: 25    Int:  8    God:
Gold:   183        SH:  5    Dex: 13    Spells: 5/5 levels left

rFire   + . .        e - +4 consecrated labrys {holy, Valiant Fragile Fly SInv}
rCold   + + .        c - +0 buckler
rNeg    + . .        b - +0 scale mail
rPois   .            (helmet unavailable)
rElec   .            i - scarf "Cebrot" {rC+ rF+, *Slow rN+ MP+9}
rCorr   .            (no gloves)
SInv    +            j - +1 pair of boots of Botugax {rC+ Slay+2}
Will    +....        h - amulet of the acrobat Stlth
                     v - ring of willpower
HPRegen 0.28/turn    x - +4 ring of protection
MPRegen 0.14/turn

%: slow self (1%), acrobat
@: acrobatic, flying
A: permanent stasis, dig shafts and tunnels, antennae 3, four strong arms
a: Dig, Shaft Self


You were on level 4 of the Dungeon.
You visited 1 branch of the dungeon, and saw 4 of its levels.

You collected 183 gold pieces.

Inventory:

Hand Weapons
 a - a +0 war axe
 e - the +4 consecrated labrys (weapon) {holy, Valiant Fragile Fly SInv}
   (You acquired it on level 1 of the Dungeon)

   Valiant:   It becomes more powerful as more dangerous foes come into view.
   SInv:      It lets you see invisible.
   Fly:       It grants you flight.
   Fragile:   It will be destroyed if unequipped.
Armour
 b - a +0 scale mail (worn)
 c - a +0 buckler (worn)
 i - the scarf "Cebrot" (worn) {rC+ rF+, *Slow rN+ MP+9}
   (You acquired it on level 1 of the Dungeon)

   rN:        It protects you from negative energy.
   MP:        It affects your magic capacity (+9).
   *Slow:     It may slow you when you take damage.
 j - the +1 pair of boots of Botugax (worn) {rC+ Slay+2}
   (You acquired it on level 1 of the Dungeon)

   Slay:      It affects your accuracy & damage with ranged weapons and melee
   (+2).
   rC:        It protects you from cold.
Jewellery
 g - an amulet of faith
 h - an amulet of the acrobat (around neck)
 v - a ring of willpower (left hand)
 x - a +4 ring of protection (right hand)
 y - a ring of positive energy
Wands
 D - a wand of polymorph (2)
Scrolls
 k - 2 scrolls of fog {unknown}
 n - a scroll of immolation {unknown}
 o - 2 scrolls of enchant armour {unknown}
 p - a scroll of butterflies {unknown}
 q - a scroll of brand weapon {unknown}
 r - a scroll of silence {unknown}
 s - a scroll of magic mapping
 t - 3 scrolls of amnesia {unknown}
 u - 3 scrolls of identify {unknown}
 A - a scroll of blinking {unknown}
 B - 2 scrolls of torment {unknown}
 C - a scroll of vulnerability {unknown}
 E - 2 scrolls of teleportation {unknown}
 F - a scroll of enchant weapon {unknown}
Potions
 d - 4 potions of might
 f - 2 potions of berserk rage {unknown}
 l - 2 potions of heal wounds {unknown}
 m - a potion of attraction {unknown}
 w - a potion of resistance {unknown}
 z - a potion of haste {unknown}


   Skills:
 + Level 4.1 Fighting
 + Level 4.3 Axes
 + Level 4.4 Armour
 + Level 1.3 Dodging
 + Level 0.2 Stealth
 + Level 4.7 Shields


You had 5 spell levels left.
You didn't know any spells.
Your spell library contained the following spells:

 Spells                   Type           Power      Damage    Failure   Level
 Lesser Beckoning         Tloc           0%         N/A       90%         2
 Gell's Gravitas          Tloc           0%         N/A       99%         3
 Inner Flame              Hex/Fire       0%         N/A       99%         3
 Teleport Other           Tloc           0%         N/A       99%         3
 Flame Wave               Conj/Fire      0%         2d4       100%        4
 Sticky Flame             Conj/Fire      0%         2d3       100%        4
 Alistair's Intoxication  Tmut/Pois      0%         N/A       100%        5
 Borgnjor's Vile Clutch   Necr/Erth      0%         N/A       100%        5
 Eringya's Noxious Bog    Tmut/Pois      0%         N/A       100%        6


Dungeon Overview and Level Annotations

Branches:
Dungeon (4/15)
 Temple: D:4-7

Altars:
Qazlal
Wu Jian
Xom
Zin
The Shining One

Shops:
D:2 :


Innate Abilities, Weirdness & Mutations

You cannot be hasted, slowed, berserked, paralysed or teleported.
You can dig through walls and to a lower floor.
You have a pair of large antennae on your head. (SInv)
Your four strong arms can wield two-handed weapons with a shield.


Message History

You slash the gnoll!
You kill the gnoll!
You slash the kobold!
You kill the kobold!
You block the ball python's attack. The ball python closely misses you.
You barely miss the ball python. The ball python bites you.
The ball python grabs you. The ball python constricts you.
You closely miss the ball python.
The ball python bites you but does no damage.
The ball python constricts you. The ball python bites you.
The ball python constricts you.
You slice the ball python!!
You kill the ball python!
Items here: )) †††.
You see here 4 stones.
E - 2 scrolls labelled PUSONW WERUO (gained 1)
Found a cloak.
You now have 183 gold pieces (gained 14).
Found an ornate altar of the Wu Jian Council.
A ball python comes into view.
The ball python hisses angrily.
A ball python is nearby!
The ball python completely misses you. The ball python closely misses you.
You barely miss the ball python.
The ball python bites you but does no damage.
You block the ball python's attack.
You hit the ball python.
You kill the ball python!
An orc comes into view. It is wielding a +0 dagger.
The orc shouts!
The orc moves out of view.
Unknown command.
Unknown command.
Unknown command.
The orc misses you.
You slice the orc!!
You kill the orc!
Things that are here:
a +0 dagger; a +0 leather armour; an orc corpse Are you sure you want to abandon this character and quit the game? (Confirm with "yes".)

.....# ...### ##
### ....# ... ..#
...## ##.## #.#
#...#####.....##.#
#.....#..........#
.....#.....##....#
....##.....##....##
....#..≈≈.......@.#
....#..≈≈.....♣♣..#
..........._..♣♣..#
....#.............#
....#...≈≈........#
.....#..≈≈..##...##
....##......##...#
...##.#..........#
.......##.....##.#


There were no monsters in sight!

Vanquished Creatures
  Blork the orc (D:4)
  A scorpion (D:4)
  3 gnolls (D:4)
  An adder (D:2)
  3 worms (D:2)
  3 dart slugs
  An orc (D:4)
  3 bats
  10 endoplasms
  4 giant cockroaches
  11 goblins
  2 hobgoblins (D:1)
  6 jackals
  9 kobolds
  4 quokkas
  7 ball pythons
  4 frilled lizards
  6 rats
79 creatures vanquished.

Notes
Turn   | Place    | Note
-------+----------+-------------------------------------------
     0 | D:1      | Dadbod the Formicid Fighter began the quest for the Orb.
     0 | D:1      | Reached XP level 1. HP: 18/18 MP: 1/1
    42 | D:1      | Reached XP level 2. HP: 19/24 MP: 2/2
   111 | D:1      | Identified 3 scrolls of acquirement
   111 | D:1      | Acquired the +4 consecrated labrys {holy, Valiant Fragile
                  | Fly SInv}
   111 | D:1      | Found the +4 consecrated labrys {holy, Valiant Fragile Fly
                  | SInv}
   114 | D:1      | Acquired the +1 pair of boots of Botugax {rC+ Slay+2}
   121 | D:1      | Acquired the scarf "Cebrot" {rC+ rF+, *Slow rN+ MP+9}
   356 | D:1      | Reached XP level 3. HP: 29/29 MP: 3/3
   361 | D:1      | Found a faded altar of an unknown god.
   361 | D:1      | Noticed a neqoxec
  1090 | D:2      | Identified the +2 hand axe "Plog" {drain, +Blink rCorr}
  1097 | D:2      | Found Lemucar's Book Boutique.
  1151 | D:2      | Reached XP level 4. HP: 36/36 MP: 4/4
  1855 | D:3      | Found a shimmering altar of Xom.
  1874 | D:3      | Reached skill level 1 in Dodging
  1883 | D:3      | Found a glowing silver altar of Zin.
  1964 | D:3      | Found a glowing golden altar of the Shining One.
  1988 | D:3      | Found a stormy altar of Qazlal.
  2572 | D:4      | Noticed Blork the orc
  2582 | D:4      | Killed Blork the orc
  2583 | D:4      | Reached XP level 5. HP: 11/42 MP: 5/5
  2738 | D:4      | Reached XP level 6. HP: 40/48 MP: 6/6
  2889 | D:4      | Found an ornate altar of the Wu Jian Council.
  2919 | D:4      | Quit the game

Illustrated notes

Levels and vault maps discovered:
D:1:      psy_arrival_dodecagon, layout_basic,
          dreamdust_ecumenical_altar_sealed_demon
D:2:      layout_loops_cross, serial_shops, shop, minmay_misc_feat_cross,
          glass_columns_c, minmay_ruptured
D:3:      layout_basic, xom_butterflies, nicolae_qazlal_scattered_showers,
          nicolae_overflow_crystal_walls, tso_oasis_becter
D:4:      layout_cave_pools, kennysheep_mini, nicolae_wu_jian_wuxing_cycle,
          serial_column_ruins, column_ruins_circle_small, column_ruins_grid_3,
          column_ruins_open_large, column_ruins_grid_1, column_ruins_grid_1,
          column_ruins_open_tiny, chequers_hall_statues_wall_a,
          chequers_serial_rivers_micro_c, uniq_blork_the_orc

Skill      XL: |  1  2  3  4  5  6 |
---------------+-------------------+-----
Axes           | 3 4 |  4.3
Dodging        | 1 |  1.3
Armour         | 4 |  4.4
Fighting       | 4 |  4.1
Stealth        | |  0.2
Shields        | |  4.7

Action                     |  1- 3 |  4- 6 || total
---------------------------+-------+-------++-------
  Melee: War axe           |    16 |       ||    16
         Labrys            |    51 |    77 ||   128
Ability: Dig               |     3 |       ||     3
    Use: Scroll            |     4 |       ||     4
 Armour: Scale mail        |    39 |    32 ||    71
  Dodge: Dodged            |    31 |    32 ||    63
  Block: Buckler           |    19 |    15 ||    34
